 Dungeon Sprint DCSS version 0.30-a0-304-gdc4b735fe1 (webtiles) character file.

Game seed: 15437316521746574148

610 Low2 the Nimble (level 7, -5/78 HPs)
             Began as an Ogre Gladiator on Oct 20, 2022.
             Was an Initiate of Elyvilon.
             Slain by a red devil
             ... wielding a +0 trident
             ... summoned by a kobold demonologist
              (15 damage)
             ... while paralysed by a floating eye
             ... in the Dungeon (Sprint I: "Red Sonja").
             The game lasted 00:04:26 (1089 turns).

Low2 the Nimble (Ogre Gladiator)                    Turns: 1089, Time: 00:04:27

Health: -5/78      AC:  5    Str: 19      XL:     7   Next: 43%
Magic:  7/7        EV:  1    Int:  9      God:    Elyvilon [......]
Gold:   239        SH:  0    Dex:  4 (12) Spells: 6/6 levels left

rFire   . . .      SeeInvis .    f - +2 dagger (freeze)
rCold   . . .      Faith    .    (no shield)
rNeg    . . .      Spirit   .    g - +2 robe {Will+}
rPois   .          Reflect  .    c - +0 hat
rElec   .          Harm     .    (no cloak)
rCorr   .          Rampage  .    (gloves unavailable)
Will    +....      NoTele   +    (boots unavailable)
Stlth   +.........               (no amulet)
HPRegen 0.33/turn                (no ring)
MPRegen 0.10/turn                (no ring)

@: paralysed, spiked
A: large, unfitting armour, tough skin 1
a: Renounce Religion


You were in the Dungeon.
You worshipped Elyvilon.
Elyvilon was noncommittal.
You visited 1 branch You collected 414 gold pieces.
You spent 175 gold pieces at shops.

Inventory:

Hand Weapons
 a - a +0 quarterstaff
 d - a +0 great mace
 f - a +2 dagger of freezing (weapon)
Armour
 b - a +0 robe
 c - a +0 hat (worn)
 g - a +2 robe of willpower (worn)
Scrolls
 k - a scroll of blinking
Potions
 h - a potion of haste
 i - 2 potions of magic


   Skills:
 + Level 7.2 Fighting
 + Level 3.4 Short Blades
 + Level 8.5 Staves
 + Level 6.6 Throwing
 + Level 9.2 Dodging
 + Level 2.1 Stealth


You had 6 spell levels left.
You didn't know any spells.
Your spell library was empty.

Dungeon Overview and Level Annotations

Branches:
Dungeon (1/1)

Altars:
Cheibriados
Dithmenos
Elyvilon
Fedhas
Gozag
Hepliaklqana
Kikubaaqudgha
Makhleb
Nemelex Xobeh
Okawaru
Qazlal
Ru
Sif Muna
Trog
Uskayaw
Vehumet
Wu Jian
Xom
Yredelemnul
Zin
The Shining One
Jiyva
Lugonu

Shops:
D (


Innate Abilities, Weirdness & Mutations

You are too large for most types of armour.
You have tough skin. (AC +1)


Message History

The crimson imp picks up a beetle and eats it.
The crimson imp blinks!
You can move again.
The ufetubus shouts!
The quasit barely misses you. The quasit closely misses you.
The quasit barely misses you.
The kobold demonologist gestures wildly while chanting.
There is an open door here.
The quasit disappears in a puff of smoke!
You hit the floating eye. You freeze the floating eye.
The floating eye is moderately wounded.
The floating eye gazes piercingly through you!
You suddenly lose the ability to move!
The crimson imp disappears in a puff of smoke!
The kobold demonologist casts a spell.
You can move again.
You hit the floating eye. You freeze the floating eye.
The floating eye is heavily wounded.
The red devil hits you from afar with a +0 trident.
Barbed spikes become lodged in your body.
The floating eye seems to glare at you.
You hit the floating eye. You freeze the floating eye.
The floating eye is severely wounded.
The red devil hits you from afar with a +0 trident!
Barbed spikes become lodged in your body.
You hit the floating eye. You freeze the floating eye.
The floating eye is almost dead.
The floating eye gazes piercingly through you!
You suddenly lose the ability to move!
The ynoxinul gestures.
The red devil hits you but does no damage.
The floating eye seems to glare at you.
The red devil hits you from afar with a +0 trident.
Barbed spikes become lodged in your body.
The red devil hits you from afar with a +0 trident!
* * * LOW HITPOINT WARNING * * *
Barbed spikes become lodged in your body.
The kobold demonologist looks encouraged for a moment.
The red devil hits you from afar with a +0 trident!
You die...

##########################
#<.#..)..#..).5#__#..'.(.#
#..[..#..'..#3K4.5'..#...#
#..#####'#####G#__#### ..+
#..####..#...#@#### ##
#..#__####..##.#
#..#_____##'#_.+
#⌠⌠#_.∩...'..._#
####_..__##_.#'#
#_____###+#[# ####### ###


You could see a kobold demonologist, a ynoxinul (summoned), a red devil
(summoned), a floating eye (charged) and an ufetubus (summoned).

Vanquished Creatures
  A slime creature (D)
  Sigmund (D)
  A yak (D)
  An ogre (D)
  A jelly (D)
  Ijyb (D)
6 creatures vanquished.

Notes
Turn   | Place    | Note
-------+----------+-------------------------------------------
     0 | D        | Low2 the Ogre Gladiator began the quest for the Orb.
     0 | D        | Reached XP level 1. HP: 22/22 MP: 1/1
     2 | D        | Noticed Ijyb
    25 | D        | Killed Ijyb
    26 | D        | Reached skill level 4 in Dodging
    26 | D        | Reached XP level 2. HP: 18/31 MP: 2/2
    77 | D        | Noticed an ogre
    89 | D        | Killed an ogre
    90 | D        | Reached skill level 5 in Dodging
    90 | D        | Reached XP level 3. HP: 17/40 MP: 3/3
    90 | D        | Reached XP level 4. HP: 21/49 MP: 4/4
   201 | D        | Noticed Sigmund
   227 | D        | Killed Sigmund
   228 | D        | Reached skill level 5 in Fighting
   228 | D        | Reached skill level 5 in Throwing
   228 | D        | Reached skill level 7 in Dodging
   228 | D        | Reached XP level 5. HP: 22/59 MP: 5/5
   228 | D        | Reached XP level 6. HP: 25/67 MP: 6/6
   363 | D        | Found an ornate altar of the Wu Jian Council.
   363 | D        | Found a shimmering blue altar of Sif Muna.
   366 | D        | Found a radiant altar of Vehumet.
   408 | D        | Found Begin's Antique Weapon Emporium.
   408 | D        | Found an ancient bone altar of Kikubaaqudgha.
   408 | D        | Found a hazy altar of Hepliaklqana.
   408 | D        | Found a stormy altar of Qazlal.
   408 | D        | Found a hide-covered altar of Uskayaw.
   408 | D        | Found a blossoming altar of Fedhas.
   408 | D        | Found a bloodstained altar of Trog.
   408 | D        | Found an iron altar of Okawaru.
   408 | D        | Found a basalt altar of Yredelemnul.
   408 | D        | Found a glowing golden altar of the Shining One.
   408 | D        | Found a snail-covered altar of Cheibriados.
   408 | D        | Found a sacrificial altar of Ru.
   408 | D        | Found a glowing silver altar of Zin.
   408 | D        | Found a shadowy altar of Dithmenos.
   408 | D        | Found a white marble altar of Elyvilon.
   408 | D        | Noticed a yak
   429 | D        | Killed a yak
   430 | D        | Reached skill level 8 in Dodging
   430 | D        | Reached skill level 1 in Stealth
   553 | D        | Found an opulent altar of Gozag.
   554 | D        | Found a sparkling altar of Nemelex Xobeh.
   562 | D        | Became a worshipper of Elyvilon the Healer
   580 | D        | Found a burning altar of Makhleb.
   580 | D        | Found a viscous altar of Jiyva.
   580 | D        | Found a shimmering altar of Xom.
   580 | D        | Found a corrupted altar of Lugonu.
   580 | D        | Noticed a slime creature
   597 | D        | Killed a slime creature
   598 | D        | Reached skill level 9 in Dodging
   598 | D        | Reached XP level 7. HP: 13/78 MP: 7/7
  1020 | D        | Bought a great mace for 175 gold pieces
  1047 | D        | Noticed a kobold demonologist
  1050 | D        | Noticed a kobold demonologist
  1051 | D        | Paralysed by a floating eye for 3 turns
  1058 | D        | Paralysed by a floating eye for 4 turns
  1065 | D        | Noticed an ice devil
  1068 | D        | Paralysed by a floating eye for 2 turns
  1074 | D        | Paralysed by a floating eye for 3 turns
  1079 | D        | Noticed a red devil
  1080 | D        | Paralysed by a floating eye for 3 turns
  1083 | D        | Noticed a ynoxinul
  1086 | D        | Paralysed by a floating eye for 4 turns
  1089 | D        | Slain by a red devil

Illustrated notes

Levels and vault maps discovered:
D:        dungeon_sprint_1 [red_sonja_temple_1, red_sonja_temple_small_1]

Skill      XL: |  1  2  3  4  5  6 |
---------------+-------------------+-----
Fighting       | 3 4 5 7 |  7.2
Staves         | 4 6 7 8 |  8.5
Dodging        | 4 5 7 9 |  9.2
Throwing       | 4 5 6 |  6.6
Short Blades   | 3 |  3.4
Stealth        | 2 |  2.1

Action                   |  1- 3 |  4- 6 |  7- 9 || total
-------------------------+-------+-------+-------++-------
Melee: Quarterstaff      |     9 |       |       ||     9
       Dagger            |    10 |    47 |    17 ||    74
       Punch             |     1 |       |       ||     1
Throw: Throwing net      |     4 |     3 |       ||     7
       Large rock        |     2 |     3 |     1 ||     6
Evoke: Wand              |       |     1 |       ||     1
  Use: Potion            |     2 |     1 |       ||     3
       Scroll            |       |       |     1 ||     1
 Stab: Held in net/web   |       |     2 |       ||     2
Armor: Robe              |     2 |     5 |    63 ||    70
Dodge: Dodged            |     7 |    19 |    35 ||    61

Table legend: (Time is in decaauts)
 A = Elapsed time spent in this place.
 B = Non-inter-level travel time spent in this place.
 C = Inter-level travel time spent in this place.
 D = Time resting spent in this place.
 E = Time spent auto-exploring this place.
 F = Levels seen in this place.
 G = Mean time per level.
                   A        B        C        D        E       F      G
               +--------+--------+--------+--------+--------+-----+--------+
         Total |   1094 |   1094 |      0 |    769 |      0 |   1 | 1094.0 |
       Dungeon |   1094 |   1094 |      0 |    769 |      0 |   1 | 1094.0 |
               +--------+--------+--------+--------+--------+-----+--------+

Top non-repeatable levels by time:
       D: 1094 daAuts
